Unix NetHack Version 5.0.0-0 post-release - last build May 31 2026 23:59:36 (970b52f25bf058293b47ddfd14a1e40e571c508c,branch:main).

Game began 2026-06-04 14:13:57, ended 2026-06-04 14:33:51.

DaveT, lawful male human Priest

                            -------------
                            |...{.......|                        ---------
     ------                 |...........|                        |..{...`|
     |....|                 |...........|                        |.....@G|
     |..{.|                 |...........|       ------------     |.).....|
     |.....#                |...........|       |..........|    #........|
     |....|#                |............#      |..........|    #--)------
     |....|#                ---.------.--#  # ##........>..|   ##  ##
     |....|###             #####    ###   ##### |..........-####    #
     ------  #             #   ######   #####   --.---------        ###
             #             #  ##    #######       #                   )
             ##           -.--.-    #  #        ###                ---|---
              #       #%##.<...|                #                  |.....|
              #-----  #   |....|              ###                  |.....|
              #....-###   |....|       -------.----      ##########......|
               |...|      ------       .........^.|                |.....|
               |....                   |.......(^.|                -------
               -----                   ------------

DaveT the Adept              St:14 Dx:13 Co:15 In:10 Wi:18 Ch:9  Lawful
Dlvl:8  $:348 HP:0(51) Pw:58(58) AC:1  Xp:6 T:3843  Burdened

Latest messages:
 The 1st crossbow bolt misses you.
 The 2nd crossbow bolt misses you.
 The gnome queen shoots 2 crossbow bolts!
 The 1st crossbow bolt misses you.
 You are almost hit by the 2nd crossbow bolt.
 The gnome queen swings her crossbow.
 The gnome queen hits!
 The gnome queen swings her crossbow.
 The gnome queen hits!
 You hit the gnome queen.
 The gnome queen swings her crossbow.
 The gnome queen just misses!
 You hit the gnome queen.
 The gnome queen swings her crossbow.
 The gnome queen hits!
 You hit the gnome queen!
 The gnome queen swings her crossbow.
 The gnome queen hits!
 The gnome queen swings her crossbow.
 The gnome queen misses!
 You hit the gnome queen.
 The gnome queen swings her crossbow.
 The gnome queen hits!
 #o: unknown extended command.
 Are you sure you want to pray? [yn] (n) y
 You begin praying to Issek.
 You are surrounded by a shimmering light.
 You finish your prayer.
 You feel that Issek is well-pleased.
 You feel much better.
 The gnome queen shoots 3 crossbow bolts!
 You are hit by the 1st crossbow bolt.
 You are hit by the 2nd crossbow bolt.
 You are hit by the 3rd crossbow bolt!
 The gnome queen swings her crossbow.
 The gnome queen hits!
 You hit the gnome queen!
 The gnome queen swings her crossbow.
 The gnome queen hits!
 The gnome queen swings her crossbow.
 The gnome queen hits!
 You hit the gnome queen!
 The gnome queen swings her crossbow.
 The gnome queen hits!
 You hit the gnome queen.
 The gnome queen swings her crossbow.
 The gnome queen hits!
 You die...
 Do you want your possessions identified? [ynq] (y) y
 Do you want to see your attributes? [ynq] (y) q

Inventory:
 Coins    ('$')
  $ - 348 gold pieces
 Amulets  ('"')
  n - an amulet of reflection (being worn)
 Weapons  (')')
  E - 11 +0 crossbow bolts
  s - a blessed +1 orcish dagger (at the ready)
  k - 2 +0 orcish daggers
  a - a blessed corroded +1 mace (weapon in right hand)
  C - a +0 scimitar
 Armor    ('[')
  l - a blessed corroded +1 orcish helm
  D - a corroded +0 orcish helm (being worn)
  c - a +0 small shield (being worn)
  w - a +0 mummy wrapping
  b - a +0 robe (being worn)
  B - a +0 banded mail (being worn)
 Comestibles  ('%')
  e - a clove of garlic
  m - 2 cram rations
  y - a food ration
  f - a sprig of wolfsbane
  F - a lizard corpse
 Scrolls  ('?')
  h - a blessed scroll of blank paper
  j - 2 scrolls of blank paper
  x - a scroll of identify
 Spellbooks  ('+')
  o - a spellbook of light
  g - a spellbook of remove curse
 Potions  ('!')
  A - a potion of healing
  d - 4 potions of holy water
 Wands    ('/')
  W - a wand of digging (0:7)
  p - a wand of digging (0:3)
 Tools    ('(')
  i - a magic marker (0:19)
  r - a +0 pick-axe
  u - a towel
 Gems/Stones  ('*')
  z - 2 worthless pieces of black glass
  q - a worthless piece of white glass
  t - a worthless piece of yellow glass

DaveT the Priest's attributes:

Background:
 You were an Adept, a level 6 human Priest.
 You were lawful, on a mission for Issek
 who was opposed by Mog (neutral) and Kos (chaotic).
 You were right-handed.
 You were in the Dungeons of Doom, on level 8.
 You entered the dungeon 3843 turns ago.
 You had 487 experience points, 153 more were needed to attain level 7.

Basics:
 You had 0 out of 51 hit points.
 You had all 58 energy points (spell power).
 Your armor class was 1.
 Your wallet contained 348 zorkmids.
 Autopickup was off.

Final Characteristics:
 Your strength was 14 (limit:18/100).
 Your dexterity was 13 (limit:18).
 Your constitution was 15 (limit:18).
 Your intelligence was 10 (limit:18).
 Your wisdom was 18 (limit:18).
 Your charisma was 9 (limit:18).

Final Status:
 You weren't hungry.
 You were burdened; movement was slightly slowed.
 You were wielding a mace.
 You had basic skill with mace and could have enhanced that.

Final Attributes:
 You were piously aligned.
 You were guarded.
 Your spell casting was impaired by metallic armor, mitigated by your robe.
 You had reflection.
 You are dead.

Miscellaneous:
 You didn't encounter any bones levels.
 Total elapsed playing time was 19 minutes and 54 seconds.

Major events:
 Turn
    1: DaveT the lawful human Priest entered the dungeon
  808: entered the Gnomish Mines
  917: attained the rank of Acolyte (level 3)
 3146: attained the rank of Adept (level 6)
 3843: killed by a gnome queen

Spells:
 Name                 Level Category     Fail Retention
 protection             1   clerical      67%   81%-90%
 cure sickness          3   healing      100%  76%-100%
 create monster         2   clerical      67%  91%-100%
 remove curse           3   clerical      25%  91%-100%
 light                  1   clerical      67%  91%-100%

Skills:
 Fighting Skills
   bare handed combat [Unskilled]
 Weapon Skills
   club               [Unskilled]
   mace               [Basic]
   morning star       [Unskilled]
   flail              [Unskilled]
   hammer             [Unskilled]
   quarterstaff       [Unskilled]
   polearms           [Unskilled]
   spear              [Unskilled]
   trident            [Unskilled]
   lance              [Unskilled]
   bow                [Unskilled]
   sling              [Unskilled]
   crossbow           [Unskilled]
   dart               [Unskilled]
   shuriken           [Unskilled]
   boomerang          [Unskilled]
   unicorn horn       [Unskilled]
 Spellcasting Skills
   healing spells     [Unskilled]
   divination spells  [Unskilled]
   clerical spells    [Basic]

Voluntary challenges:
 Character rerolling was not enabled.
 You never genocided any monsters.
 You never polymorphed an object.
 You never changed form.
 You used no wishes.
Achievements:
 You entered the Gnomish Mines.
 You attained the rank of Acolyte.
 You entered a shop.
 You attained the rank of Adept.

 The Dungeons of Doom: levels 1 to 9
    Level 1:
       Some altars, a fountain.
    Level 2:
       Stairs down to The Gnomish Mines.
    Level 3:
       A fountain.
    Level 4:
       A general store.
    Level 5:
       A general store, some fountains.
    Level 6:
       Many fountains.
    Level 7:
       A weapon shop.
    Level 8: <- You were here.
       Many fountains.
       Final resting place for
          you, killed by a gnome queen.
    Level 9:
 The Gnomish Mines:
    Level 3:


Vanquished creatures:
  a small mimic
 an orc mummy
  a lizard
  a gnome mummy
  a Mordor orc
  a ghoul
  a paper golem
  5 giant ants
  a dwarf
  a kobold shaman
  2 rothes
  2 giant bats
  9 orc zombies
  a werejackal
  4 iguanas
  3 acid blobs
  a gas spore
  a manes
  2 large kobolds
  a hobgoblin
  9 giant rats
  a yellow mold
  a red mold
  2 gnome zombies
  6 geckos
  a jackal
  a fox
  3 goblins
  2 sewer rats
  4 grid bugs
  3 lichens
  4 kobold zombies
  2 newts
79 creatures vanquished.

No species were genocided or became extinct.

Game over:
                       ----------
                      /          \
                     /    REST    \
                    /      IN      \
                   /     PEACE      \
                  /                  \
                  |      DaveT       |
                  |      348 Au      |
                  |   killed by a    |
                  |   gnome queen    |
                  |                  |
                  |                  |
                  |       2026       |
                 *|     *  *  *      | *
        _________)/\\_//(\/(/\)/\//\/|_)_______

Goodbye DaveT the Priest...

You died in The Dungeons of Doom on dungeon level 8 with 2742 points,
and 348 pieces of gold, after 3843 moves.
You were level 6 with a maximum of 51 hit points when you died.

